 Dungeon Crawl Stone Soup version 0.28.0-45-g0d030f2227 (webtiles) character file.

Game seed: 16073993679053388813

169 101zpm the Covered (level 5, -3/33 HPs)
             Began as a Gargoyle Fighter on Apr 8, 2022.
             Killed from afar by an orc wizard (9 damage)
             ... with a magic dart
             ... on level 3 of the Dungeon.
             The game lasted 00:04:52 (2899 turns).

101zpm the Covered (Gargoyle Fighter)               Turns: 2899, Time: 00:04:53

Health: -3/33      AC: 11    Str: 28    XL:     5   Next: 50%
Magic:  5/5        EV: 10    Int:  8    God:
Gold:   66         SH:  4    Dex:  9    Spells: 4/4 levels left

rFire   . . .      SeeInvis .   a - +0 flail
rCold   . . .      Faith    .   c - +0 buckler
rNeg    + . .      Spirit   .   b - +0 scale mail
rPois   ∞          Reflect  .   (no helmet)
rElec   +          Harm     .   (no cloak)
rCorr   .          Rampage  .   (no gloves)
Will    .....                   (no boots)
Stlth   ..........              (no amulet)
HPRegen 0.11/turn               i - +6 ring of strength
MPRegen 0.09/turn               (no ring)

@: very slow
A: sickness immunity, AC +4, negative energy resistance 1, electricity
resistance, torment resistance 1, petrification resistance
a: no special abilities


You were on level 3 of the Dungeon.
You visited 1 branch of the dungeon, and saw 3 of its levels.

You collected 66 gold pieces.

Inventory:

Hand Weapons
 a - a +0 flail (weapon)
 k - a +1 short sword of electrocution
Missiles
 l - 67 stones (quivered)
Armour
 b - a +0 scale mail (worn)
 c - a +0 buckler (worn)
Magical Staves
 g - a staff of air
Jewellery
 i - a +6 ring of strength (left hand)
Scrolls
 h - a scroll of fear {unknown}
Potions
 d - a potion of might
 e - a potion of ambrosia {unknown}
 f - 2 potions of cancellation {unknown}
 j - a potion of attraction {unknown}
 m - a potion of magic {unknown}


   Skills:
 + Level 3.9 Fighting
 + Level 3.8 Maces & Flails
 + Level 4.0 Armour
 + Level 1.0 Dodging
 + Level 0.5 Stealth
 + Level 3.9 Shields


You had 4 spell levels left.
You didn't know any spells.
Your spell library was empty.

Dungeon Overview and Level Annotations

Branches:
Dungeon (3/15)

Altars:

Shops:
D:2 (

Annotations:
D:2 1 runed translucent door, Crazy Yiuf


Innate Abilities, Weirdness & Mutations

You are immune to sickness and miasma.
Your stone body is resilient. (AC +4)
You are immune to poison.
You resist negative energy. (rN+)
You are resistant to electric shocks. (rElec)
You are resistant to unholy torment.
You are immune to petrification.


Message History

You hear some strange, mumbled words.
A puff of flame appears from out of thin air!
The puff of flame hits you!
Your unstable footing causes you to fumble your attack.
You are engulfed in a cloud of scalding steam.
Something hits you but does no damage.
You closely miss something.
You are engulfed in a cloud of scalding steam.
Something hits you but does no damage.
You barely miss something.
You are engulfed in a cloud of scalding steam.
Something hits you. Something hits you but does no damage.
Your unstable footing causes you to fumble your attack.
You are engulfed in a cloud of scalding steam.
You hear some strange, mumbled words.
You are confused.
You nearly stumble into some deep water!
Something hits you but does no damage.
You nearly stumble into some deep water!
You hear some strange, mumbled words.
A puff of flame appears from out of thin air!
The puff of flame hits you.
* * * LOW HITPOINT WARNING * * *
You're too confused to move!
You are engulfed in a cloud of scalding steam.
Something hits you but does no damage.
You're too confused to move!
You are engulfed in a cloud of scalding steam.
* * * LOW HITPOINT WARNING * * *
Something hits you but does no damage.
You miss something.
You are engulfed in a cloud of scalding steam.
You feel less confused. You block something's attack.
Your unstable footing causes you to fumble your attack.
An orc wizard appears from thin air!
Reactivating autopickup.
The orc wizard points at you and mumbles some strange words.
The magic dart hits you!
You die...

#.. #.. ##.. 8.. ### ##.. #.. B
. ... ###
###################....##.#####
#..........).§§o...............
#P...≈≈≈≈≈≈≈≈§@)≈≈≈≈≈≈≈≈....≈≈≈
#....≈≈≈≈≈≈≈≈≈≈≈≈≈≈≈≈≈≈≈....≈≈≈
#....≈≈#####≈≈≈≈≈≈≈≈≈≈≈≈....≈≈≈
#..).≈≈#ogo#...................
#....≈≈#ogo#############++++###
#....≈≈###g# #....≈≈≈.#oB
#....≈≈≈.# #. #....≈≈≈.#


You could see an orc wizard.

Vanquished Creatures
  A howler monkey (D:3)
  A hound (D:3)
  A gnoll (D:3)
  An adder (D:2)
  3 orcs (D:3)
  3 bats
  3 endoplasms
  6 giant cockroaches
  5 goblins
  5 hobgoblins
  16 jackals
  3 quokkas
  9 ball pythons
  8 frilled lizards (D:1)
  8 kobolds
  A rat (D:1)
74 creatures vanquished.

Vanquished Creatures (others)
  2 fungi (D:2)
  7 plants (D:3)
9 creatures vanquished.

Grand Total: 83 creatures vanquished

Notes
Turn   | Place    | Note
-------+----------+-------------------------------------------
     0 | D:1      | 101zpm the Gargoyle Fighter began the quest for the Orb.
     0 | D:1      | Reached XP level 1. HP: 14/14 MP: 1/1
    45 | D:1      | You fall into a shaft and drop 1 floor!
    45 | D:2      | Found Ymojafu's Weapon Emporium.
    64 | D:2      | Reached XP level 2. HP: 9/19 MP: 2/2
   679 | D:2      | Reached XP level 3. HP: 20/23 MP: 3/3
   932 | D:2      | Found a runed translucent door.
   933 | D:2      | Noticed Crazy Yiuf
  1283 | D:1      | Found a faded altar of an unknown god.
  1569 | D:1      | Reached XP level 4. HP: 29/29 MP: 4/4
  2435 | D:3      | Reached skill level 4 in Armour
  2507 | D:3      | Reached XP level 5. HP: 17/33 MP: 5/5
  2711 | D:3      | Reached skill level 1 in Dodging
  2899 | D:3      | Killed from afar by an orc wizard

Illustrated notes

Levels and vault maps discovered:
D:1:      amcnicky_arrival_underground_garden, layout_loops_corners,
          hellmonk_ecumenical_altar_heavens_door, minmay_lizard_pond
D:2:      layout_basic, serial_shops, shop, minmay_tetromino_o2,
          uniq_crazy_yiuf_cottage
D:3:      lemuel_castle_with_subvaults [lemuel_castle_interior_carwin_1],
          layout_rooms, mainiacjoe_overflow_24_doors,
          mainiacjoe_overflow_concentric_impassable, serial_corexii_hall,
          corexii_hall_statues_l, corexii_hall_statues_l,
          corexii_hall_statues_i, chequers_hall_statues_y,
          corexii_hall_statues_s, corexii_hall_statues_s, st_stairs_2,
          chequers_serial_rivers_micro_b, uniq_ijyb

Skill      XL: |  1  2  3  4  5 |
---------------+----------------+-----
Maces & Flails | 3 |  3.8
Armour         | 4 |  4.0
Dodging        | 1 |  1.0
Fighting       | |  3.9
Stealth        | |  0.5
Shields        | |  3.9

Action                   |  1- 3 |  4- 6 || total
-------------------------+-------+-------++-------
Melee: Flail             |   151 |   137 ||   288
Armor: Scale mail        |    82 |   132 ||   214
Dodge: Dodged            |    72 |    87 ||   159
Block: Buckler           |    40 |    49 ||    89
